 Dungeon Crawl Stone Soup version 0.30-a0-359-gd0147acb1a (webtiles) character file.

Game seed: 2412647509337421607

213 LnG the Sneak (level 6, 0/49 HPs)
             Began as a Kobold Summoner on Nov 13, 2022.
             Succumbed to Sigmund's poison
             ... on level 2 of the Dungeon.
             The game lasted 00:03:39 (1283 turns).

LnG the Sneak (Kobold Summoner)                     Turns: 1283, Time: 00:03:39

Health: 0/49       AC: 23    Str:  6    XL:     6   Next: 14%
Magic:  2/9        EV:  3    Int: 18    God:
Gold:   108        SH:  0    Dex: 15    Spells: 4/10 levels left

rFire   . . .      SeeInvis .    d - +0 short sword
rCold   . . .      Faith    .    (no shield)
rNeg    . . .      Spirit   .    (body armour currently unavailable)
rPois   +          Reflect  .    (helmet currently unavailable)
rElec   .          Harm     .    (cloak currently unavailable)
rCorr   .          Rampage  .    (gloves currently unavailable)
Will    .....      NoTele   +    (boots currently unavailable)
Stlth   ++++......               (no amulet)
HPRegen 0.28/turn                (no ring)
MPRegen 0.11/turn                (no ring)

@: lethally poisoned (0 -> -6), tree-form, attractive
A: stationary, stasis, torment immunity, boosted hp, small, no large weapons,
nightstalker 3
a: no special abilities


You were on level 2 of the Dungeon.
You were a tree.
You visited 1 branch of the dungeon, and saw 2 of its levels.

You collected 108 gold pieces.

Inventory:

Hand Weapons
 d - a +0 short sword (weapon)
Armour
 a - a +0 robe (melded)
 f - a +0 hat (melded)
Scrolls
 e - 2 scrolls of teleportation
 j - 2 scrolls of fog {unknown}
 k - a scroll of blinking
Potions
 b - a potion of magic
 c - 2 potions of might
 h - a potion of invisibility {unknown}
 i - a potion of attraction
 l - a potion of curing {unknown}


   Skills:
 + Level 0.8 Fighting
 + Level 2.3 Short Blades
 * Level 3.5 Dodging
 * Level 5.9 Stealth
 + Level 2.5 Spellcasting
 + Level 4.6 Summonings


You had 4 spell levels left.
You knew the following spells:

 Your Spells              Type           Power      Damage    Failure   Level
a - Summon Small Mammal   Summ           72%        N/A       2%          1
b - Call Imp              Summ           18%        N/A       4%          2
c - Call Canine Familiar  Summ           18%        N/A       8%          3

Your spell library contained the following spells:

 Spells                   Type           Power      Damage    Failure   Level
 Summon Guardian Golem    Hex/Summ       10%        N/A       21%         3
 Inner Flame              Hex/Fire       2%         N/A       45%         3
 Summon Lightning Spire   Summ/Air       10%        N/A       54%         4
 Flame Wave               Conj/Fire      2%         2d4       86%         4
 Sticky Flame             Conj/Fire      2%         2d3       86%         4


Dungeon Overview and Level Annotations

Branches:
Dungeon (2/15)

Altars:


Innate Abilities, Weirdness & Mutations

You are a tree.
Your roots penetrate the ground, keeping you stationary.
You cannot be teleported.
You are immune to unholy pain and torment.
Your maximum health is greatly increased.
Your equipment is partially melded.
You are small and have problems with some larger weapons.
You are completely attuned to the shadows.


Message History

You closely miss Sigmund.
Sigmund is lightly wounded.
Your hound closely misses Sigmund.
Sigmund points at you and mumbles some strange words.
The magic dart hits you!
Your shadow imp gestures at Sigmund.
Sigmund writhes in agony!
Your hound bites Sigmund.
You barely miss Sigmund.
Sigmund is severely wounded.
Sigmund casts a spell at you. The magic dart hits you!
* * * LOW HITPOINT WARNING * * *
Your shadow imp hits Sigmund.
Your hound bites Sigmund.
You hit Sigmund but do no damage.
Sigmund is almost dead.
Your hound barely misses Sigmund.
Sigmund gestures wildly while chanting.
Sigmund flickers and vanishes!
Deactivating autopickup; reactivate with Ctrl-A.
You miss something. Your hound misses something. Something hits you.
* * * LOW HITPOINT WARNING * * *
You are lethally poisoned!
Your hound bites something.
Reactivating autopickup.
You feel a bit more experienced.
Your Short Blades skill gained 2 levels and is now at level 2!
Your Dodging skill increases to level 3!
Your Stealth skill increases to level 5!
You have reached level 4!
You have reached level 5!
You feel stronger.
You have reached level 6!
It was a potion of lignification.
You turn into a tree.
Your +0 hat melds into your body.
Your +0 robe melds into your body.
Your roots penetrate the ground.
* * * LOW HITPOINT WARNING * * *
You feel sick.
It was a potion of attraction.
You feel attractive to monsters.
You die...

#...... #......
#.#......
#.#.)5......#
#...♣h......#
#...........#
#...........#
#...........#
#........##.#
#.......##(.#
[......##.#.#
##....##.##.# ######
+....#.##..####.....


You could see a friendly hound (summoned) and a friendly shadow imp (summoned).

Vanquished Creatures
  4 endoplasms (D:1)
  2 giant cockroaches (D:2)
  A goblin (D:2)
  5 hobgoblins
  A quokka (D:1)
  6 ball pythons
  4 bats
  A frilled lizard (D:1)
  4 kobolds
  6 rats
34 creatures vanquished.

Vanquished Creatures (collateral kills)
  Sigmund (D:2)
  3 endoplasms (D:1)
  2 quokkas (D:1)
  A kobold (D:1)
  A rat (D:2)
8 creatures vanquished.

Grand Total: 42 creatures vanquished

Notes
Turn   | Place    | Note
-------+----------+-------------------------------------------
     0 | D:1      | LnG the Kobold Summoner began the quest for the Orb.
     0 | D:1      | Reached XP level 1. HP: 10/10 MP: 3/3
   144 | D:1      | Reached XP level 2. HP: 15/15 MP: 5/5
   147 | D:1      | Learned a level 2 spell: Call Imp
   347 | D:1      | Reached skill level 3 in Stealth
   536 | D:1      | Reached XP level 3. HP: 19/19 MP: 6/6
  1026 | D:2      | Learned a level 3 spell: Call Canine Familiar
  1040 | D:2      | Reached skill level 4 in Stealth
  1272 | D:2      | Noticed Sigmund
  1281 | D:2      | Killed Sigmund
  1282 | D:2      | Reached skill level 5 in Stealth
  1282 | D:2      | Reached XP level 4. HP: 2/24 MP: 1/7
  1282 | D:2      | Reached XP level 5. HP: 2/28 MP: 1/8
  1282 | D:2      | Reached XP level 6. HP: 2/33 MP: 1/9
  1282 | D:2      | HP: 2/49 [poisoned by Sigmund]
  1283 | D:2      | Succumbed to Sigmund's poison

Illustrated notes

Levels and vault maps discovered:
D:1:      dpeg_arrival_simpleton_a, layout_rooms, minmay_misc_feat_ornament
D:2:      minmay_general_purpose_star, layout_basic, amethyst_killhole,
          uniq_sigmund

Skill      XL: |  1  2  3 |
---------------+----------+-----
Stealth        | 3 5 |  5.9
Short Blades   | 2 |  2.3
Dodging        | 3 |  3.5
Fighting       | |  0.8
Spellcasting   | |  2.5
Summonings     | |  4.6

Action                   |  1- 3 |  4- 6 || total
-------------------------+-------+-------++-------
Melee: Unarmed           |     7 |       ||     7
       Short sword       |   100 |       ||   100
       Punch             |     1 |       ||     1
 Cast: Summon Small Mamm |     8 |       ||     8
       Call Imp          |     5 |       ||     5
       Call Canine Famil |     1 |       ||     1
  Use: Scroll            |     3 |       ||     3
       Potion            |       |     2 ||     2
 Stab: Sleeping          |    23 |       ||    23
Armor: Robe              |    13 |       ||    13
Dodge: Dodged            |    79 |       ||    79

Table legend: (Time is in decaauts)
 A = Elapsed time spent in this place.
 B = Non-inter-level travel time spent in this place.
 C = Inter-level travel time spent in this place.
 D = Time resting spent in this place.
 E = Time spent auto-exploring this place.
 F = Levels seen in this place.
 G = Mean time per level.
                   A        B        C        D        E       F      G
               +--------+--------+--------+--------+--------+-----+--------+
         Total |   1280 |   1234 |     46 |      8 |    864 |   2 |  640.0 |
       Dungeon |   1280 |   1234 |     46 |      8 |    864 |   2 |  640.0 |
               +--------+--------+--------+--------+--------+-----+--------+

Top non-repeatable levels by time:
     D:1: 831 daAuts
     D:2: 449 daAuts
